 Dungeon Crawl Stone Soup version 0.26-a0-259-g1effd001a9 (webtiles) character file.

Game seed: 4401616002520631588

192 HoaS the Ruffian (level 5, -3/33 HPs)
             Began as a Gargoyle Gladiator on July 28, 2020.
             Slain by an orc warrior
             ... wielding a +0 battleaxe
              (7 damage)
             ... on level 2 of the Dungeon.
             The game lasted 00:05:40 (1958 turns).

HoaS the Ruffian (Gargoyle Gladiator)               Turns: 1958, Time: 00:05:41

Health: -3/33      AC: 15    Str: 18    XL:     5   Next: 71%
Magic:  5/5        EV:  7    Int:  9    God:
Gold:   100        SH:  0    Dex: 11    Spells: 4/4 levels left

rFire    . . .     SeeInvis .     - Unarmed
rCold    + + .     Faith    .   (no shield)
rNeg     + . .     Spirit   .   k - +1 chain mail {rC+}
rPois    ∞         Reflect  .   b - +1 helmet
rElec    +         Harm     .   (no cloak)
rCorr    .                      (no gloves)
MR       .....                  (no boots)
Stlth    ..........             (no amulet)
HPRegen  0.11/turn              o - ring of protection from cold
MPRegen  0.09/turn              (no ring)

@: hasted, very quick
A: negative energy resistance 1, electricity resistance, unbreathing,
petrification resistance, rot immunity, AC +4
a: no special abilities


You were on level 2 of the Dungeon.
You were not hungry.

You visited 1 branch of the dungeon, and saw 3 of its levels.

You collected 100 gold pieces.

Inventory:

Missiles
 g - 6 javelins (quivered)
Armour
 b - a +1 helmet (worn)
 k - a +1 chain mail of cold resistance (worn)
Jewellery
 o - a ring of protection from cold (left hand)
Scrolls
 f - a scroll of teleportation
 h - a scroll of identify
 j - a scroll of remove curse
Potions
 a - 2 potions of cancellation {unknown}
 i - a potion of invisibility
 l - a potion of flight {unknown}
 m - a potion of magic {unknown}
 n - 3 potions of heal wounds {unknown}
Comestibles
 d - 3 rations


   Skills:
 + Level 3.9 Fighting
 - Level 1.7 Throwing
 - Level 2.4 Dodging
 * Level 5.3 Unarmed Combat


You had 4 spell levels left.
You didn't know any spells.
Your spell library was empty.

Dungeon Overview and Level Annotations

Branches:
Dungeon (3/15)

Altars:
Hepliaklqana
Kikubaaqudgha

Annotations:
D:3 Sigmund


Innate Abilities, Weirdness & Mutations

You are resistant to torment.
Your stone body is resilient. (AC +4)
You are immune to poison.
You resist negative energy. (rN+)
You are resistant to electric shocks. (rElec)
You can survive without breathing.
You are immune to petrification.
You are immune to rotting.


Message History

The orc warrior struggles against the net.
The net rips apart, and the orc warrior comes free!
You hit the orc warrior but do no damage.
You punch the orc warrior, but do no damage.
The orc warrior is lightly wounded.
You hit the orc warrior but do no damage.
The orc warrior is lightly wounded.
The orc warrior hits you with a +0 battleaxe!
You hit the orc warrior but do no damage.
The orc warrior is lightly wounded.
The orc warrior hits you with a +0 battleaxe!
* * * LOW HITPOINT WARNING * * *
You hit the orc warrior.
The orc warrior is lightly wounded.
The orc warrior hits you but does no damage.
You feel yourself speed up.
You hit the orc warrior.
The orc warrior is lightly wounded.
The orc warrior hits you with a +0 battleaxe!
You die...

# # # ###### ### #.....
###.######### #.###.
#...........#####...#.
#.#.#...............'.
#.#.#@#####.#####.###.
####.#.#o##....# #.# ##
#.......{......#####.# #
#.##.#.#.##..........# #
#.##.#.#..[...#####..# #
####.##.#....#...#####..## #
#..).......(>............###
####.(#.#..#.##.######......
#.......#.##.##.# #.#...#


You could see an orc warrior.

Vanquished Creatures
  3 orc wizards (D:2)
  4 gnolls (D:2)
  An adder (D:2)
  A worm (D:2)
  3 dart slugs (D:1)
  A leopard gecko (D:2)
  2 orcs (D:2)
  3 bats
  A giant cockroach (D:1)
  4 hobgoblins
  5 jackals (D:1)
  A quokka (D:2)
  4 frilled lizards
  9 goblins
  A kobold (D:1)
  11 rats
54 creatures vanquished.

Notes
Turn   | Place    | Note
-------+----------+-------------------------------------------
     0 | D:1      | HoaS the Gargoyle Gladiator began the quest for the Orb.
     0 | D:1      | Reached XP level 1. HP: 12/12 MP: 1/1
    44 | D:1      | Reached XP level 2. HP: 14/18 MP: 2/2
   385 | D:1      | Reached XP level 3. HP: 17/22 MP: 3/3
   783 | D:2      | Reached skill level 4 in Unarmed Combat
   832 | D:2      | Reached XP level 4. HP: 19/28 MP: 4/4
  1092 | D:2      | Reached XP level 5. HP: 32/32 MP: 5/5
  1182 | D:2      | Found an ancient bone altar of Kikubaaqudgha.
  1370 | D:2      | Reached skill level 5 in Unarmed Combat
  1791 | D:2      | Found a hazy altar of Hepliaklqana.
  1836 | D:3      | Noticed an orc warrior
  1837 | D:3      | Noticed Sigmund
  1958 | D:2      | Slain by an orc warrior

Illustrated notes

Levels and vault maps discovered:
D:1:      scummos_arrival_forest, layout_loops_cross, minmay_misc_feat_cross,
          serial_bayou_crossing
D:2:      layout_basic, kiku_gazebo_pond_becter, nicolae_overflow_hidden_temple
D:3:      layout_basic, nicolae_ashenzari_panopticon, lemuel_doored_altar,
          uniq_sigmund, uniq_terence

Skill      XL: |  1  2  3  4  5 |
---------------+----------------+-----
Fighting       | 3 |  3.9
Unarmed Combat | 4 5 |  5.3
Throwing       | |  1.7
Dodging        | |  2.4

Action                   |  1- 3 |  4- 6 || total
-------------------------+-------+-------++-------
Melee: Unarmed           |   126 |   114 ||   240
       Punch             |     2 |     3 ||     5
Throw: Throwing net      |       |     3 ||     3
  Use: Scroll            |     8 |     2 ||    10
       Potion            |       |     2 ||     2
 Stab: Held in net/web   |       |     2 ||     2
  Eat: Ration            |       |     1 ||     1
Armor: Leather armour    |    39 |     4 ||    43
       Chain mail        |       |    55 ||    55
Dodge: Dodged            |    56 |    29 ||    85

Table legend:
 A = Non-vault XP
 B = Vault XP
 C = Vault XP percentage of total XP
 D = Non-vault monster count
 E = Vault monster count
 F = Vault count percentage of total count
                 A         B        C        D         E       F
            +---------+---------+-------+---------+---------+-------
      Total |     275 |       0 |   0.0 |      54 |       0 |   0.0
            +---------+---------+-------+---------+---------+-------
        D:1 |      49 |       0 |   0.0 |      28 |       0 |   0.0
        D:2 |     226 |       0 |   0.0 |      26 |       0 |   0.0
            +---------+---------+-------+---------+---------+-------
